 Dungeon Crawl Stone Soup version 0.24-a0-67-ga78bd38 (webtiles) character file.

Game seed: 14917563741572893137

12858 Amnesiac the Fighter (level 11, -2/60 HPs)
             Began as a Vine Stalker Monk on Feb 5, 2019.
             Was a Believer of Uskayaw.
             Slain by a sun demon (3 damage)
             ... summoned by an orc sorcerer
             ... on level 10 of the Dungeon.
             The game lasted 00:15:36 (9525 turns).

Amnesiac the Fighter (Vine Stalker Monk)            Turns: 9525, Time: 00:15:37

Health: -2/60      AC: 21    Str: 18      XL:     11   Next: 99%
Magic:  0/15       EV: 13    Int:  7 (10) God:    Uskayaw [**....]
Gold:   785        SH:  5    Dex: 16      Spells: 10/10 levels left

rFire    + . .     SeeInvis .   A - +0 dagger (drain)
rCold    + . .     Gourm    .   y - +0 buckler
rNeg     + . .     Faith    .   m - +3 pearl dragon scales
rPois    .         Spirit   +   (no helmet)
rElec    .         Reflect  .   x - +1 cloak
rCorr    .         Harm     .   f - +2 pair of gloves
MR       +....                  (no boots)
Stlth    +.........             d - amulet of regeneration
HPRegen  1.00/turn              F - ring of protection from fire
MPRegen  0.14/turn              s - ring of protection from cold

@: flying, lightly drained
A: fangs 3, regeneration 1, magic shield, antimagic bite, no potion heal 3, rot
immunity
a: Stomp, Line Pass, Renounce Religion


You were on level 10 of the Dungeon.
You worshipped Uskayaw.
Uskayaw was noncommittal.
You were not hungry.

You visited 2 branches of the dungeon, and saw 11 of its levels.
You also visited: Sewer.

You collected 785 gold pieces.

Inventory:

Hand Weapons
 a - a +2 short sword of speed
 A - a +0 dagger of draining (weapon)
 E - a +0 blowgun
Armour
 f - a +2 pair of gloves (worn)
 m - +3 pearl dragon scales (worn)
 x - a +1 cloak (worn)
 y - a +0 buckler (worn)
Jewellery
 d - an amulet of regeneration (around neck)
 g - an uncursed ring of positive energy {unknown}
 h - a +4 amulet of reflection
 q - an uncursed ring of wizardry
 s - a ring of protection from cold (right hand)
 F - a ring of protection from fire (left hand)
Wands
 b - a wand of digging (5)
 G - a wand of disintegration (13)
 H - a wand of iceblast (9)
 I - a wand of flame (17)
Scrolls
 e - a scroll of remove curse {!r}
 j - 5 scrolls of teleportation {!r}
 l - 3 scrolls of enchant weapon {!r}
 o - a scroll of fear {!r}
 w - a scroll of holy word {!r}
 z - a scroll of fog {!r}
 D - 2 scrolls of magic mapping {!r}
Potions
 i - 3 potions of curing {!q}
 n - a potion of magic {!q}
 p - a potion of lignification {!q}
 r - a potion of agility {!q}
 t - a potion of brilliance {!q}
 u - a potion of berserk rage {!q}
 v - 2 potions of resistance {!q}
 B - a potion of cancellation {!q}
 C - 2 potions of flight {!q}
Comestibles
 c - 15 rations


   Skills:
 + Level 8.4(7.9) Fighting
 - Level 8.0(7.6) Short Blades
 + Level 7.5(7.1) Armour
 + Level 7.5(7.0) Dodging
 + Level 5.6(5.2) Stealth
 - Level 4.1(3.6) Shields
 + Level 1.6(1.2) Invocations
 - Level 4.0(3.6) Evocations


You had 10 spell levels left.
You didn't know any spells.
Your spell library contained the following spells:

 Spells                   Type           Power        Failure   Level  Hunger
 Corona                   Hex            #......      86%         1    ##.....
 Summon Small Mammal      Summ           #...         86%         1    ##.....
 Call Imp                 Summ           #.......     95%         2    ###....
 Ensorcelled Hibernation  Hex/Ice        #.....       95%         2    ###....
 Call Canine Familiar     Summ           #.......     99%         3    ####...
 Confuse                  Hex            #.......     99%         3    ####...
 Dazzling Spray           Conj/Hex       #.....       99%         3    ####...
 Summon Guardian Golem    Hex/Summ       #.......     99%         3    ####...
 Tukima's Dance           Hex            #.......     99%         3    ####...
 Summon Ice Beast         Ice/Summ       #.......     100%        4    #####..
 Summon Lightning Spire   Summ/Air       #.......     100%        4    #####..


Dungeon Overview and Level Annotations

Branches:
Dungeon (10/15)            Temple (1/1) D:7             Orc (0/2) D:10
   Lair: D:8-11

Altars:
Ashenzari
Cheibriados
Dithmenos
Elyvilon
Fedhas
Gozag
Hepliaklqana
Kikubaaqudgha
Makhleb
Nemelex Xobeh
Okawaru
Qazlal
Ru
Sif Muna
Trog
Uskayaw
Vehumet
Wu Jian
Xom
Yredelemnul
Zin
The Shining One

Annotations:
D:10 1 transporter


Innate Abilities, Weirdness & Mutations

You have razor-sharp teeth.
Your natural rate of healing is unusually fast.
When hurt, damage is shared between your health and your magic reserves.
Your bite disrupts and absorbs the magic of your enemies.
Potions cannot restore your health.
You are immune to rotting.


Message History

You hit the kobold demonologist.
The kobold demonologist is lightly wounded.
The white imp disappears in a puff of smoke!
The neqoxec gestures at you.
You feel dopey. Something feeds on your intellect!
You barely miss the kobold demonologist.
The kobold demonologist is lightly wounded.
You block the kobold demonologist's attack.
Okay, then.
You closely miss the kobold demonologist.
The kobold demonologist is lightly wounded.
The orc priest calls down the wrath of Beogh upon you.
Beogh smites you!
* * * LOW HITPOINT WARNING * * *
You hit the kobold demonologist. You bite the kobold demonologist.
The kobold demonologist's magic leaks into the air.
You drain its magic.
You feel invigorated.
The kobold demonologist is moderately wounded.
The kobold demonologist mumbles some strange words.
The rust devil hits the plant!
The rust devil corrodes the plant!
You hit the kobold demonologist but do no damage.
You drain the kobold demonologist.
The kobold demonologist is moderately wounded.
The sun demon hits you but does no damage.
The orc high priest mumbles some strange prayers.
The kobold demonologist barely misses you.
You closely miss the kobold demonologist.
The kobold demonologist is moderately wounded.
The rust devil hits the plant!
The rust devil corrodes the plant!
The neqoxec hits the plant!
The sun demon closely misses you.
You hit the kobold demonologist. You drain the kobold demonologist.
The kobold demonologist is moderately wounded.
The kobold demonologist completely misses you.
The iron imp splashes around in the water.
The rust devil hits the plant.
The rust devil corrodes the plant!
The sun demon hits you!
* * * LOW HITPOINT WARNING * * *
You are engulfed in flames.
You resist.
* * * LOW HITPOINT WARNING * * *
The neqoxec hits the plant!
You miss the kobold demonologist. You bite the kobold demonologist.
The kobold demonologist's magic leaks into the air.
You drain its magic.
You feel invigorated.
The kobold demonologist is heavily wounded.
The kobold demonologist barely misses you.
You hit the kobold demonologist.
The kobold demonologist is heavily wounded.
The sun demon hits you.
* * * LOW HITPOINT WARNING * * *
You are engulfed in flames!
You resist.
* * * LOW HITPOINT WARNING * * *
The iron imp hits the plant!
The plant is destroyed!
All of the chunks of flesh in your inventory have rotted away.
You hit the kobold demonologist but do no damage.
You drain the kobold demonologist. You bite the kobold demonologist!
The kobold demonologist's magic leaks into the air.
You drain its magic.
You feel invigorated.
The kobold demonologist is almost dead.
The kobold demonologist misses you. The sun demon hits you!
* * * LOW HITPOINT WARNING * * *
You are engulfed in flames.
You resist.
You die...

#..# #.## #.# #..# #..##
#####.#
#..####...######.....#
#.......©.....##.####.
#...#########.##.#....
########
#...#8P.©.P8#.##.#.#..
)))....#
#...#P.....P#.#..#....
)).#.#.#
#...####'####.#.###...
))#.##.#
#...#@≈43.≈{#.........
)#####.#
#...#K34..≈o#...#.###. ##
#.# #...#o≈35≈≈o#...#.####
.# #.#
#...#o≈5♣≈≈K#......... ##
#.# #...#.≈≈≈≈≈3#.....###.
#.# #...#.≈...≈5#......##.
#.# #...#.≈...≈.#..###.##.
#.#####...####+####......##.
#.........#≈.[=!.≈#.........


You could see an orc high priest, a sun demon, 2 rust devils, 2 kobold
demonologists, a sixfirhy, 2 neqoxecs, an orc sorcerer, an iron imp, 2 orc
priests, a quasit and a shadow imp.

Vanquished Creatures
  Snorg (D:10)
  Harold (D:7)
  Joseph (D:7)
  Maurice (D:9)
  A troll (D:10)
  A queen bee (D:9)
  2 hippogriffs
  Grinder (D:3)
  3 wyverns
  13 yaks
  A hungry ghost (D:9)
  2 humans (D:10)
  Eustachio (D:6)
  Duvessa (D:7)
  An eye of draining (D:9)
  5 sky beasts
  3 ice beasts
  2 orc warriors
  A phantom (D:6)
  An ogre (D:4)
  A crocodile (Sewer)
  7 centaurs
  3 big kobolds
  10 bullfrogs
  A gnoll sergeant (D:9)
  A wyvern zombie (D:7)
  Dowan (D:7)
  A scorpion (D:4)
  46 killer bees
  6 wights
  3 crimson imps
  3 jellies
  A quasit (D:6)
  3 orc priests
  4 hounds
  8 orc wizards
  2 bullfrog skeletons (D:6)
  A centaur skeleton (D:9)
  Ijyb (D:5)
  Terence (D:2)
  4 iguanas
  6 worker ants
  A hound zombie (D:6)
  A hound skeleton (D:10)
  A howler monkey zombie (D:9)
  A worker ant zombie (D:10)
  A howler monkey skeleton (D:8)
  4 gnolls (D:9)
  12 adders
  A river rat (D:4)
  2 shadow imps
  2 oozes
  An adder zombie (D:7)
  2 worms
  A dart slug (D:1)
  6 leopard geckos
  44 orcs
  10 giant cockroaches
  12 goblins
  8 hobgoblins
  12 jackals
  26 kobolds
  6 quokkas
  2 ball pythons (D:4)
  10 bats
  7 frilled lizards
  2 quokka skeletons
  14 rats
346 creatures vanquished.

Vanquished Creatures (others)
  A gnoll (D:9)
  A plant (D:10)
2 creatures vanquished.

Grand Total: 348 creatures vanquished

Notes
Turn   | Place    | Note
-------+----------+-------------------------------------------
     0 | D:1      | Amnesiac the Vine Stalker Monk began the quest for the Orb.
     0 | D:1      | Reached XP level 1. HP: 11/11 MP: 2/2
    70 | D:1      | Reached XP level 2. HP: 14/16 MP: 3/3
   542 | D:1      | Reached XP level 3. HP: 16/19 MP: 2/4
  1040 | D:2      | Found a snail-covered altar of Cheibriados.
  1040 | D:2      | Noticed Terence
  1483 | D:2      | Gained mutation: Your natural rate of healing is unusually
                  | fast. [Vine Stalker growth]
  1483 | D:2      | Reached XP level 4. HP: 23/23 MP: 5/5
  1659 | D:2      | Killed Terence
  1806 | D:3      | Reached skill level 5 in Short Blades
  1809 | D:3      | Reached XP level 5. HP: 26/27 MP: 3/6
  2024 | D:3      | Noticed Grinder
  2039 | D:3      | Paralysed by Grinder for 4 turns
  2063 | D:3      | Killed Grinder
  2063 | D:3      | Reached XP level 6. HP: 25/32 MP: 7/7
  2190 | D:3      | Found a deep blue altar of Sif Muna.
  2192 | D:3      | Found a glowing silver altar of Zin.
  2239 | D:3      | Found a blossoming altar of Fedhas.
  2242 | D:3      | Found a white marble altar of Elyvilon.
  2555 | D:4      | Reached XP level 7. HP: 35/35 MP: 8/8
  2560 | D:4      | Found a glowing drain.
  2587 | Sewer    | Entered a sewer
  3305 | D:5      | Entered Level 5 of the Dungeon
  3332 | D:5      | Reached skill level 1 in Armour
  3390 | D:5      | Gained mutation: You have razor-sharp teeth. [Vine Stalker
                  | growth]
  3390 | D:5      | Reached XP level 8. HP: 23/39 MP: 4/9
  3492 | D:5      | Noticed Ijyb
  3511 | D:5      | Killed Ijyb
  3579 | D:5      | Found a glowing golden altar of the Shining One.
  4450 | D:6      | Reached skill level 1 in Shields
  4534 | D:6      | Got a steaming leather armour
  4565 | D:6      | Reached XP level 9. HP: 45/45 MP: 10/10
  4585 | D:6      | Noticed Eustachio
  4627 | D:6      | Killed Eustachio
  4843 | D:7      | Identified the +1 leather armour of the Foremost Souls {rC+
                  | Dex+3} (You found it on level 6 of the Dungeon)
  4893 | D:7      | Noticed Duvessa
  4894 | D:7      | Noticed Dowan
  4916 | D:7      | Killed Duvessa
  4930 | D:7      | Killed Dowan
  5114 | D:7      | Noticed Harold
  5142 | D:7      | Killed Harold
  5142 | D:7      | Reached skill level 5 in Fighting
  5204 | D:7      | Noticed Joseph
  5232 | D:7      | Killed Joseph
  5232 | D:7      | Reached XP level 10. HP: 27/52 MP: 11/13
  5323 | D:7      | Found a staircase to the Ecumenical Temple.
  5400 | D:7      | Reached skill level 5 in Dodging
  5521 | D:7      | Reached skill level 5 in Armour
  5522 | D:7      | Found a shattered altar of Ashenzari.
  5670 | D:7      | Got a scorched ring mail
  6363 | D:8      | Identified the +2 ring mail "Anim" {rPois Regen+ Str+6
                  | Dex-3} (You found it on level 7 of the Dungeon)
  7128 | D:9      | Noticed Maurice
  7158 | D:9      | Killed Maurice
  7158 | D:9      | Reached XP level 11. HP: 18/58 MP: 15/15
  7632 | Temple   | Entered the Ecumenical Temple
  7853 | Temple   | Became a worshipper of Uskayaw the Reveler
  7853 | Temple   | Reached * piety under Uskayaw
  7964 | D:9      | Reached ** piety under Uskayaw
  8096 | D:9      | Reached *** piety under Uskayaw
  8111 | D:9      | Reached **** piety under Uskayaw
  8181 | D:9      | Reached ***** piety under Uskayaw
  8436 | D:10     | Entered Level 10 of the Dungeon
  8443 | D:10     | Noticed Snorg
  8463 | D:10     | Found a hide-covered altar of Uskayaw.
  8583 | D:10     | Noticed an orc high priest
  8585 | D:10     | Noticed a deep elf knight
  8586 | D:10     | Found a transporter.
  8607 | D:10     | Noticed an orc sorcerer
  8805 | D:10     | Found a transporter.
  8883 | D:10     | Found an iron altar of Okawaru.
  8914 | D:10     | Reached skill level 5 in Stealth
  9057 | D:10     | Killed Snorg
  9057 | D:10     | Reached skill level 1 in Invocations
  9295 | D:10     | Found a staircase to the Orcish Mines.
  9510 | D:10     | Noticed a sixfirhy
  9515 | D:10     | Noticed a sun demon
  9525 | D:10     | HP: 1/60 [sun demon[an orc sorcerer] (7)]
  9525 | D:10     | Slain by a sun demon

Vault maps used:
D:1:      psy_arrival_dodecagon, skrybe_limestone_x, minmay_crystal_room
D:2:      cheibriados_altar_1, minmay_misc_feat_chi, uniq_terence
D:3:      nicolae_overflow_hidden_temple, minmay_fractal_squares_diagonal_5,
          uniq_grinder
D:4:      first_ration, portal_sewer_entry_b
D:5:      kennysheep_mini, uniq_ijyb
D:6:      uniq_eustachio
D:7:      ashenzari_altar_1, minmay_temple_entry_junction,
          minmay_misc_feat_cross, uniq_duvessa, uniq_harold, uniq_joseph
D:9:      david_nohive_1, uniq_maurice
D:10:     gammafunk_wand_slinger, hiddenorc1_lemuel, basic_altar,
          minmay_misc_feat_square, okawaru_humans, uniq_snorg
Temple:   regret_index_temple_generic_petals
Sewer:    sewer_big_baddie

Skill      XL: |  1  2  3  4  5  6  7  8  9 10 11 |
---------------+----------------------------------+-----
Short Blades   | 3 4 5 6 7 8 |  8.0
Armour         | 2 3 4 6 7 |  7.5
Fighting       | 4 5 7 8 |  8.4
Dodging        | 3 4 6 7 |  7.5
Shields        | 1 4 |  4.1
Evocations     | 2 4 |  4.0
Stealth        | 5 |  5.6
Invocations    | 1 |  1.6

Action                   |  1- 3 |  4- 6 |  7- 9 | 10-12 || total
-------------------------+-------+-------+-------+-------++-------
Melee: Short sword       |   131 |   195 |   402 |    22 ||   750
       Bite              |    30 |    69 |   218 |   305 ||   622
       Rapier            |       |       |   118 |   236 ||   354
       Dagger            |       |       |       |   768 ||   768
  Use: Scroll            |     3 |       |       |    15 ||    18
       Potion            |       |       |       |     8 ||     8
 Stab: Sleeping          |     6 |       |       |       ||     6
       Paralysed         |       |       |       |    22 ||    22
  Eat: Chunk             |     2 |     4 |     9 |    14 ||    29
       Ration            |       |       |       |     1 ||     1
Armor: Robe              |     7 |       |       |       ||     7
       Pearl dragon scal |    21 |    75 |   164 |   322 ||   582
Dodge: Dodged            |    65 |    58 |   170 |   441 ||   734
Block: Other             |    14 |    32 |    37 |       ||    83
       Reflection        |     1 |       |     4 |     4 ||     9
       Buckler           |       |       |    80 |   315 ||   395

Table legend:
 A = Non-vault XP
 B = Vault XP
 C = Vault XP percentage of total XP
 D = Non-vault monster count
 E = Vault monster count
 F = Vault count percentage of total count
                 A         B        C        D         E       F
            +---------+---------+-------+---------+---------+-------
      Total |   12476 |    5893 |  32.1 |     282 |      65 |  18.7
            +---------+---------+-------+---------+---------+-------
        D:1 |      42 |       0 |   0.0 |      24 |       0 |   0.0
        D:2 |      49 |      36 |  42.4 |      20 |       1 |   4.8
        D:3 |     114 |     275 |  70.7 |      34 |       9 |  20.9
        D:4 |     413 |      20 |   4.6 |      19 |       6 |  24.0
        D:5 |     528 |      36 |   6.4 |      16 |       1 |   5.9
        D:6 |     917 |     191 |  17.2 |      24 |       1 |   4.0
        D:7 |     704 |    1774 |  71.6 |      29 |       4 |  12.1
        D:8 |    2974 |       0 |   0.0 |      34 |       0 |   0.0
        D:9 |    3074 |    1636 |  34.7 |      40 |      16 |  28.6
       D:10 |    3661 |    1804 |  33.0 |      42 |      21 |  33.3
      Sewer |       0 |     121 | 100.0 |       0 |       6 | 100.0
            +---------+---------+-------+---------+---------+-------
